 Dungeon Crawl Stone Soup version 0.27-a0-978-g2aa4ecdaef (webtiles) character file.

Game seed: 10158574763996856018

45 tardwrangler69 the Chiller (level 3, 0/39 HPs)
             Began as a Draconian Ice Elementalist on Apr 14, 2021.
             Slain by a kobold
             ... wielding a +0 trident of freezing
              (1 damage)
             ... on level 2 of the Dungeon.
             The game lasted 00:01:22 (943 turns).

tardwrangler69 the Chiller (DrIE)                    Turns: 943, Time: 00:01:22

Health: 0/39       AC: 21    Str: 10    XL:     3   Next: 42%
Magic:  5/6        EV:  2    Int: 16    God:
Gold:   28         SH:  0    Dex: 11    Spells: 6/7 levels left

rFire    . . .     SeeInvis .   a - +0 whip (vamp)
rCold    . . .     Faith    .   (no shield)
rNeg     + + +     Spirit   .   (armour unavailable)
rPois    +         Reflect  .   (helmet currently unavailable)
rElec    .         Harm     .   (cloak currently unavailable)
rCorr    .         Rampage  .   (gloves currently unavailable)
Will     .....     NoTele   +   (boots currently unavailable)
Stlth    ++........             (no amulet)
HPRegen  0.13/turn              (no ring)
MPRegen  0.10/turn              (no ring)

@: tree-form
A: stationary, stasis, torment immunity, boosted hp, AC +5, unfitting armour,
(cold-blooded)
a: no special abilities


You were on level 2 of the Dungeon.
You were a tree.
You visited 1 branch of the dungeon, and saw 2 of its levels.

You collected 28 gold pieces.

Inventory:

Hand Weapons
 a - a +0 vampiric whip (weapon)
Scrolls
 c - 2 scrolls of identify


   Skills:
 - Level 1.7 Dodging
 - Level 1.7 Stealth
 + Level 2.6 Spellcasting
 * Level 4.9 Ice Magic


You had 6 spell levels left.
You knew the following spells:

 Your Spells              Type           Power      Damage    Failure   Level
a - Freeze                Ice            68%        1d8       2%          1

Your spell library contained the following spells:

 Spells                   Type           Power      Damage    Failure   Level
 Frozen Ramparts          Ice            34%        1d5       8%          3
 Ozocubu's Armour         Ice            17%        N/A       8%          3
 Hailstorm                Conj/Ice       9%         3d4       56%         4
 Metabolic Englaciation   Hex/Ice        4%         N/A       89%         5


Dungeon Overview and Level Annotations

Branches:
Dungeon (2/15)

Altars:

Annotations:
D:2 Jessica


Innate Abilities, Weirdness & Mutations

You are a tree.
Your roots penetrate the ground, keeping you stationary.
You cannot be teleported.
You are immune to unholy pain and torment.
Your maximum health is greatly increased.
Your equipment is partially melded.
((Your plain brown scales are hard. (AC +5)))
You cannot fit into any form of body armour.
((You are cold-blooded and may be slowed by cold attacks.))


Message History

You cannot move.
You feel sick.
You are no longer poisoned.
The kobold hits you but does no damage. The kobold hits you but does no damage.
The kobold hits you but does no damage.
Sorry, you're not good enough to have a special ability.
Unknown command.
Okay, then.
Unknown command.
The kobold hits you but does no damage.
The kobold hits you from afar with a +0 trident of freezing.
* * * LOW HITPOINT WARNING * * *
The kobold freezes you.
* * * LOW HITPOINT WARNING * * *
The kobold completely misses you.
The kobold hits you from afar with a +0 trident of freezing.
* * * LOW HITPOINT WARNING * * *
The kobold freezes you.
* * * LOW HITPOINT WARNING * * *
A kobold is nearby!
The kobold hits you but does no damage. The kobold hits you but does no damage.
You cannot move.
A kobold is nearby!
As you read the scroll labelled QUXADU ATUWUSCH, it crumbles to dust.
You cannot blink because you are held in place by your roots.
It was a scroll of blinking.
The kobold barely misses you.
As you read the scroll labelled TUTETH YRRUUW, it crumbles to dust.
It is a scroll of identify.
You don't have any unidentified items.
The kobold hits you but does no damage.
The kobold hits you from afar with a +0 trident of freezing.
* * * LOW HITPOINT WARNING * * *
The kobold freezes you.
* * * LOW HITPOINT WARNING * * *
The kobold hits you but does no damage. The kobold hits you but does no damage.
The kobold hits you from afar with a +0 trident of freezing.
You die...

#..... ##............. #....#
.....)......... #....#..
#####...#.#...... #....#..# #..
............# #....#..#
###.#####...#.....##.. ##....#..#
#.... ................ .'....#..#
#.#.# #.............
##....#..###.#.#####...#...$.....
................♣.K..............
#..............#####...#.##..##..
#..##.#..###...........#.# ......
#..##.#................#.# #.##.
#..##..................#.# .# .
#..##.##.###.#######...#.# ..
............... ....#.#
................ .....#.#
#..##.######.. . ..?...


You could see a kobold.

Vanquished Creatures
  2 adders (D:2)
  2 dart slugs
  3 ball pythons (D:1)
  3 bats (D:1)
  2 giant cockroaches (D:1)
  3 goblins (D:1)
  A hobgoblin (D:2)
  4 frilled lizards
  4 kobolds
  A rat (D:1)
25 creatures vanquished.

Notes
Turn   | Place    | Note
-------+----------+-------------------------------------------
     0 | D:1      | tardwrangler69 the Draconian Ice Elementalist began the
                  | quest for the Orb.
     0 | D:1      | Reached XP level 1. HP: 14/14 MP: 3/3
    93 | D:1      | Found a faded altar of an unknown god.
   298 | D:1      | Reached XP level 2. HP: 20/20 MP: 5/5
   823 | D:2      | Noticed Jessica
   913 | D:2      | Reached XP level 3. HP: 17/26 MP: 6/6
   940 | D:2      | HP: 1/39 [kobold/+0 trident of freezing (1)]
   943 | D:2      | Slain by a kobold

Illustrated notes

Levels and vault maps discovered:
D:1:      dpeg_arrival_erosion, layout_rooms, hellmonk_ecumenical_altar_zigzags,
          lemuel_another_geyser
D:2:      layout_basic, serial_shops, shop, shop, shop, nicolae_shop_stone,
          minmay_tetromino_o4, uniq_crazy_yiuf_cottage, uniq_jessica

Action                   || total
-------------------------++-------
Melee: Whip              ||    98
       Unarmed           ||    11
       Tailslap          ||     7
 Cast: Freeze            ||     6
  Use: Scroll            ||     2
       Potion            ||     1
 Stab: Sleeping          ||     1
Armor: Skin              ||    65
Dodge: Dodged            ||   112

Table legend: (Time is in decaauts)
 A = Elapsed time spent in this place.
 B = Non-inter-level travel time spent in this place.
 C = Inter-level travel time spent in this place.
 D = Time resting spent in this place.
 E = Time spent auto-exploring this place.
 F = Levels seen in this place.
 G = Mean time per level.
                   A        B        C        D        E       F      G
               +--------+--------+--------+--------+--------+-----+--------+
         Total |    959 |    920 |     39 |      0 |    685 |   2 |  479.5 |
       Dungeon |    959 |    920 |     39 |      0 |    685 |   2 |  479.5 |
               +--------+--------+--------+--------+--------+-----+--------+

Top non-repeatable levels by time:
     D:1: 747 daAuts
     D:2: 212 daAuts
